 Dungeon Crawl Stone Soup version 0.26.0-45-g9c1d065592 (webtiles) character file.

Game seed: 395027336528219811

321 Astera the Ruffian (level 6, -1/50 HPs)
             Began as a Ghoul Gladiator on Jan 30, 2021.
             Was an Initiate of Cheibriados.
             Slain by a hound (3 damage)
             ... on level 4 of the Dungeon.
             The game lasted 00:06:12 (3917 turns).

Astera the Ruffian (Ghoul Gladiator)                Turns: 3917, Time: 00:06:13

Health: -1/50      AC:  5    Str: 21    XL:     6   Next: 46%
Magic:  5/5        EV: 13    Int:  0    God:    Cheibriados [......]
Gold:   235        SH:  0    Dex: 11    Spells: 5/5 levels left

rFire    . . .     SeeInvis .     - Unarmed
rCold    + . .     Faith    .   (no shield)
rNeg     + + +     Spirit   .   a - +0 leather armour
rPois    ∞         Reflect  .   b - +0 helmet
rElec    .         Harm     .   m - +0 cloak
rCorr    .         Rampage  .   (no gloves)
Will     .....                  (no boots)
Stlth    +.........             (no amulet)
HPRegen  0.00/turn              p - -4 ring of intelligence (curse)
MPRegen  0.09/turn              (no ring)

@: slowed, lost intelligence, very slow
A: claws 1, cold resistance 1, negative energy resistance 3, inhibited
regeneration, torment resistance, unbreathing
a: Renounce Religion, Bend Time


You were on level 4 of the Dungeon.
You worshipped Cheibriados.
Cheibriados was noncommittal.
You visited 1 branch of the dungeon, and saw 4 of its levels.
You also visited: Sewer.

You collected 235 gold pieces.

Inventory:

Missiles
 c - 3 throwing nets
 f - 8 javelins (quivered)
Armour
 a - a +0 leather armour (worn)
 b - a +0 helmet (worn)
 m - a +0 cloak (worn)
Jewellery
 p - a cursed -4 ring of intelligence (left claw)
Scrolls
 d - 3 scrolls of remove curse {unknown}
 e - 3 scrolls of identify {unknown}
 h - 2 scrolls of teleportation {unknown}
 i - 4 scrolls of blinking {unknown}
 o - a scroll of summoning {unknown}
Potions
 g - 2 potions of mutation {unknown}
 j - 2 potions of flight {unknown}
 k - a potion of lignification {unknown}
 l - 2 potions of degeneration {unknown}
 n - a potion of attraction {unknown}
 q - a potion of haste {unknown}


   Skills:
 + Level 2.8 Fighting
 + Level 2.0 Throwing
 + Level 2.2 Armour
 + Level 3.9 Dodging
 + Level 0.3 Stealth
 + Level 5.6 Unarmed Combat


You had 5 spell levels left.
You didn't know any spells.
Your spell library was empty.

Dungeon Overview and Level Annotations

Branches:
Dungeon (4/15)              Sewer (visited)
 Temple: D:4-7

Altars:
Cheibriados
Dithmenos
Fedhas
Hepliaklqana
Okawaru
The Shining One


Innate Abilities, Weirdness & Mutations

You thrive by killing the living.
You are immune to poison.
You have sharp fingernails.
Your flesh is cold resistant. (rC+)
You are immune to negative energy. (rN+++)
You do not regenerate when monsters are visible.
You are immune to unholy pain and torment.
You can survive without breathing.


Message History

The hound bites you but does no damage. The orc closely misses you.
The hound barely misses you. The orc closely misses you.
The hound bites you but does no damage.
The orc wizard mumbles some strange words.
The orc wizard blinks!
The hound barely misses you. The hound bites you but does no damage.
The hound bites you but does no damage. The hound bites you.
* * * LOW HITPOINT WARNING * * *
The hound barely misses you. x2
The orc wizard casts a spell at itself.
The orc wizard flickers and vanishes!
Deactivating autopickup; reactivate with Ctrl-A.
The hound bites you.
* * * LOW HITPOINT WARNING * * *
The hound bites you but does no damage.
The orc wizard mumbles some strange words.
The orc wizard seems to speed up.
The hound bites you but does no damage. The hound closely misses you.
The hound bites you.
You die...

........o#...#
........{.#..#
........#o#..#
#########.B#.# ##o#.#
###.#.# #...S.#
#...oh###############
#....@..............#
#...#...###########.#
#...#...#........##.#
#...#...#.######.##.#
#####...#.######.##.#
#...#.#<..##.##.#
#..>..###.##.##.#
#...#.# #.##.##)#
###.#.# #.##.##.#


You could see an orc warrior, a hound, an orc wizard (fast), an adder, an orc
and a giant cockroach.

Vanquished Creatures
  Purgy (Sewer)
  An orc priest (D:3)
  Crazy Yiuf (D:2)
  7 adders
  2 worms (D:2)
  A dart slug (D:1)
  5 leopard geckos
  3 orcs (D:3)
  8 bats
  9 giant cockroaches
  8 hobgoblins
  3 jackals (D:2)
  12 kobolds
  A quokka (D:2)
  5 frilled lizards
  15 goblins
  6 rats
88 creatures vanquished.

Notes
Turn   | Place    | Note
-------+----------+-------------------------------------------
     0 | D:1      | Astera the Ghoul Gladiator began the quest for the Orb.
     0 | D:1      | Reached XP level 1. HP: 17/17 MP: 0/0
   208 | D:1      | Reached XP level 2. HP: 23/24 MP: 1/1
   874 | D:2      | Reached XP level 3. HP: 30/30 MP: 2/2
   967 | D:2      | Found a runed translucent door.
   968 | D:2      | Noticed Crazy Yiuf
  1180 | D:2      | Reached skill level 4 in Unarmed Combat
  1343 | D:2      | Reached skill level 1 in Armour
  1366 | D:2      | Reached XP level 4. HP: 33/37 MP: 3/3
  2111 | D:2      | Killed Crazy Yiuf
  2112 | D:2      | Reached XP level 5. HP: 32/42 MP: 4/4
  2249 | D:3      | Found a glowing drain.
  2288 | Sewer    | Entered a sewer
  2384 | Sewer    | Noticed Purgy
  2404 | Sewer    | Killed Purgy
  2405 | Sewer    | Reached skill level 5 in Unarmed Combat
  2405 | Sewer    | Reached XP level 6. HP: 10/50 MP: 5/5
  2861 | D:3      | Found a hazy altar of Hepliaklqana.
  2861 | D:3      | Found a shadowy altar of Dithmenos.
  2861 | D:3      | Found a snail-covered altar of Cheibriados.
  2861 | D:3      | Found a blossoming altar of Fedhas.
  2878 | D:3      | Found a glowing golden altar of the Shining One.
  2878 | D:3      | Found an iron altar of Okawaru.
  2994 | D:3      | Lost intelligence.
  3517 | D:3      | Became a worshipper of Cheibriados the Contemplative
  3903 | D:4      | Noticed an orc warrior
  3906 | D:4      | Noticed a black bear
  3915 | D:4      | HP: 2/50 [hound (5)]
  3917 | D:4      | Slain by a hound

Illustrated notes

Levels and vault maps discovered:
D:1:      dpeg_arrival_rooms_b, layout_basic, nrook_mini_backslash
D:2:      cheibrodos_greedy_goblins, layout_loops_corners,
          uniq_crazy_yiuf_cottage
D:3:      wander_river, layout_basic, minmay_overflow_temple_hex,
          portal_sewer_entry_f, minmay_misc_feat_tiny, nrook_campfire
D:4:      layout_basic, kennysheep_mini_moat, minmay_misc_feat_x,
          minmay_manual_mess, uniq_pikel

Skill      XL: |  1  2  3  4  5 |
---------------+----------------+-----
Dodging        | 3 |  3.9
Unarmed Combat | 4 5 |  5.6
Throwing       | 2 |  2.0
Armour         | 1 2 |  2.2
Fighting       | |  2.8
Stealth        | |  0.3

Action                   |  1- 3 |  4- 6 || total
-------------------------+-------+-------++-------
Melee: Unarmed           |    71 |   202 ||   273
       Punch             |     1 |     3 ||     4
Throw: Javelin           |    15 |       ||    15
       Throwing net      |     1 |       ||     1
Armor: Leather armour    |    32 |    74 ||   106
Dodge: Dodged            |    68 |   194 ||   262
